 Dungeon Crawl Stone Soup version 0.30-a0-371-gad7725a93e (webtiles) character file.

Game seed: 2200785066609455769

13672 nomicflux the Geomancer (level 12, -8/77 HPs)
             Began as a Gargoyle Earth Elementalist on Nov 23, 2022.
             Was a Priest of Qazlal.
             Mangled by an ice devil (23 damage)
             ... on level 1 of the Lair of Beasts.
             The game lasted 00:54:21 (15830 turns).

nomicflux the Geomancer (GrEE)                     Turns: 15830, Time: 00:54:23

Health: -8/77      AC: 18    Str: 19    XL:     12   Next: 8%
Magic:  2/20       EV: 11    Int: 20    God:    Qazlal [***...]
Gold:   594        SH:  4    Dex: 10    Spells: 11/22 levels left

rFire   . . .      SeeInvis .    f - staff of earth
rCold   . . .      Faith    .    (no shield)
rNeg    + . .      Spirit   .    a - +0 robe
rPois   ∞          Reflect  .    (no helmet)
rElec   +          Harm     .    N - +2 cloak
rCorr   .          Rampage  .    i - +1 pair of gloves
Will    .....                    c - +1 pair of boots
Stlth   +.........               (no amulet)
HPRegen 0.32/turn                s - +6 ring of strength
MPRegen 0.17/turn                v - ring of wizardry

@: no status effects
A: sickness immunity, AC +8, negative energy resistance 1, electricity
resistance, torment resistance 1, petrification resistance
a: Renounce Religion, Upheaval, Elemental Force


You were on level 1 of the Lair of Beasts.
You worshipped Qazlal.
Qazlal was most pleased with you.
You visited 3 branches of the dungeon, and saw 12 of its levels.

You collected 648 gold pieces.
You spent 54 gold pieces at shops.

Inventory:

Hand Weapons
 r - a +1 flail of flaming
 L - a +0 shortbow
Missiles
 n - 58 stones
 w - 2 throwing nets
Armour
 a - a +0 robe (worn)
 c - a +1 pair of boots (worn)
 i - a +1 pair of gloves (worn)
 N - a +2 cloak (worn)
 Q - an orb of light
Magical Staves
 f - a staff of earth (weapon)
Jewellery
 s - a +6 ring of strength (left hand)
 v - a ring of wizardry (right hand)
 y - a +4 ring of slaying
 B - a ring of ice
 H - a +4 ring of slaying
 I - a +6 ring of intelligence
 R - an amulet of faith
Wands
 l - a wand of paralysis (24)
 x - a wand of mindburst (19)
 E - a wand of digging (8)
 F - a wand of polymorph (13)
 J - a wand of quicksilver (8)
Scrolls
 k - 3 scrolls of vulnerability
 p - 2 scrolls of enchant weapon
 q - 2 scrolls of enchant armour
 z - 2 scrolls of magic mapping
 G - 4 scrolls of teleportation
 K - a scroll of brand weapon
 M - a scroll of fear {unknown}
 O - a scroll of poison
 P - a scroll of fog
Potions
 b - 3 potions of magic
 d - 7 potions of curing
 e - 5 potions of might
 g - 2 potions of attraction {unknown}
 h - 2 potions of flight
 j - 2 potions of invisibility
 m - 3 potions of lignification
 o - 7 potions of ambrosia
 t - 3 potions of mutation
 u - 4 potions of haste
 C - 2 potions of brilliance {unknown}
 D - a potion of resistance {unknown}
Miscellaneous
 A - a piece from Xom's chessboard (15/15)


   Skills:
 + Level 10.2 Fighting
 - Level 1.5(5.5) Maces & Flails
 + Level 8.4(8.5) Staves
 - Level 2.7 Armour
 - Level 1.5 Dodging
 - Level 2.1 Stealth
 + Level 5.5 Spellcasting
 + Level 5.8 Conjurations
 - Level 0.7 Transmutations
 + Level 3.6 Fire Magic
 + Level 11.9 Earth Magic
 - Level 5.0 Evocations


You had 11 spell levels left.
You knew the following spells:

 Your Spells              Type           Power      Damage    Failure   Level
a - Sandblast             Erth           100%       2d20      1%          1
b - Passwall              Tmut/Erth      38%        N/A       1%          2
c - Stone Arrow           Conj/Erth      100%       3d13      1%          3
d - Fireball              Conj/Fire      12%        3d7       17%         5

Your spell library contained the following spells:

 Spells                   Type           Power      Damage    Failure   Level
 Shock                    Conj/Air       68%        1d7       1%          1
 Beastly Appendage        Tmut           16%        N/A       3%          1
 Petrify                  Tmut/Erth      46%        N/A       3%          4
 Slow                     Hex            20%        N/A       4%          1
 Wereblood                Tmut           8%         N/A       4%          2
 Animate Armour           Summ/Erth      88%        N/A       4%          4
 Iskenderun's Battlesphe  Conj           29%        2d8       11%         5
 Spider Form              Tmut/Pois      6%         N/A       12%         3
 Confusing Touch          Hex            5%         N/A       13%         3
 Swiftness                Air            5%         N/A       13%         3
 Vampiric Draining        Necr           5%         2d6       13%         3
 Irradiate                Conj/Tmut      9%         3d14      30%         5
 Airstrike                Air            2%         2d(1-17)  38%         4
 Conjure Ball Lightning   Conj/Air       8%         3x3d6     87%         6
 Orb of Destruction       Conj           14%        9d7       96%         7
 Lehudib's Crystal Spear  Conj/Erth      29%        10d8      99%         8
 Sublimation of Blood     Necr           Unusable   N/A       N/A         2

Dungeon Overview and Level Annotations

Branches:
Dungeon (10/15)            Temple (1/1) D:5            Lair (1/5) D:10
    Orc (0/2) D:10

Altars:
Ashenzari
Cheibriados
Dithmenos
Elyvilon
Fedhas
Gozag
Hepliaklqana
Kikubaaqudgha
Makhleb
Nemelex Xobeh
Okawaru
Qazlal
Ru
Sif Muna
Trog
Uskayaw
Vehumet
Wu Jian
Xom
Yredelemnul
Zin
The Shining One

Shops:
D:4 **


Innate Abilities, Weirdness & Mutations

You are immune to sickness and miasma.
Your stone body is resilient. (AC +8)
You are immune to poison.
You resist negative energy. (rN+)
You are resistant to electric shocks. (rElec)
You are resistant to unholy torment.
You are immune to petrification.


Message History

Casting: Stone Arrow (safe; 1% risk of failure)
Confirm with . or Enter, or press ? or * to list all spells.
Aiming: Sandblast (safe; 1% risk of failure)
Press: ? - help, Shift-Dir - straight line, f/p - ice devil
Aim: an ice devil (heavily wounded, 85% to hit)
You feel a surge of power!
The blast of sand hits the ice devil but does no damage.
The ice devil is heavily wounded.
The ice devil hits you. The ice devil freezes you!
Casting: Sandblast (safe; 1% risk of failure)
Confirm with . or Enter, or press ? or * to list all spells.
Aiming: Sandblast (safe; 1% risk of failure)
Press: ? - help, Shift-Dir - straight line, f/p - ice devil
Aim: an ice devil (heavily wounded, 85% to hit)
You feel a surge of power!
The blast of sand hits the ice devil but does no damage.
The ice devil is heavily wounded.
The ice devil barely misses you. The ice devil hits you.
The ice devil freezes you!!
* * * LOW HITPOINT WARNING * * *
Casting: Sandblast (safe; 1% risk of failure)
Confirm with . or Enter, or press ? or * to list all spells.
Aiming: Sandblast (safe; 1% risk of failure)
Press: ? - help, Shift-Dir - straight line, f/p - ice devil
Aim: an ice devil (heavily wounded, 85% to hit)
You feel a surge of power!
The blast of sand misses the ice devil.
The ice devil barely misses you.
Unknown command.
Okay, then.
Okay, then.
Casting: Sandblast (safe; 1% risk of failure)
Confirm with . or Enter, or press ? or * to list all spells.
Aiming: Sandblast (safe; 1% risk of failure)
Press: ? - help, Shift-Dir - straight line, f/p - ice devil
Aim: an ice devil (heavily wounded, 85% to hit)
You feel a surge of power!
The blast of sand misses the ice devil.
The ice devil hits you!
* * * LOW HITPOINT WARNING * * *
The ice devil freezes you!!
You die...

............## ##.P#
.............#
##....#
.............#
##.....#
.(...........#
##.......
#............###
#........
##...........#.######
#........
####...............P#
#........
...#....####....##.#
#........ ^.....###
###..@4# ###........
.#...##
#####...............
#.#.## ~..........###
##..# ~~~~~~~~~~#
#..# ~~~~~~~~~~ ##^##
~~Z~~≈~~≈ #.##
....~.~~≈≈ #.P#
........≈~ ####
.∩.........


You could see an ice devil.

Vanquished Creatures
  Erolcha (D:9)
  Erica (D:9)
  A two-headed ogre (D:10)
  Pikel (D:8)
  A bog body (Lair:1)
  An elephant (D:10)
  Maurice (D:8)
  3 cane toads (Lair:1)
  A rime drake (Lair:1)
  A kobold demonologist (D:10)
  A komodo dragon (Lair:1)
  A troll (D:9)
  2 polar bears (Lair:1)
  16 yaks
  A basilisk (D:10)
  2 acid dragons
  5 water moccasins
  3 orc warriors
  4 black bears
  4 ogres (D:10)
  A wolf (Lair:1)
  2 centaurs
  A lemure (D:7)
  A phantom (D:5)
  5 kobold brigands
  2 necrophages (D:7)
  7 bullfrogs
  6 scorpions
  4 gnoll sergeants
  8 wights
  5 killer bees (D:8)
  An elephant simulacrum (Lair:1)
  3 howler monkeys
  2 centaur zombies (D:9)
  A jelly (D:5)
  7 hounds
  6 orc priests
  A gnoll bouda (D:9)
  4 hell rats (Lair:1)
  An iguana (D:5)
  8 orc wizards
  2 spriggan simulacra (Lair:1)
  3 howler monkey zombies (D:9)
  9 adders
  13 gnolls
  A shadow imp (D:7)
  3 white imps
  A worm (D:2)
  A dart slug (D:3)
  30 orcs
  6 ball pythons
  4 bats
  11 endoplasms
  3 giant cockroaches
  10 goblins
  4 hobgoblins
  8 jackals
  19 kobolds
  5 quokkas
  4 frilled lizards
  6 rats
270 creatures vanquished.

Vanquished Creatures (others)
  4 fungi
  18 plants
  2 withered plants (D:9)
24 creatures vanquished.

Grand Total: 294 creatures vanquished

Notes
Turn   | Place    | Note
-------+----------+-------------------------------------------
     0 | D:1      | nomicflux the Gargoyle Earth Elementalist began the quest
                  | for the Orb.
     0 | D:1      | Reached XP level 1. HP: 10/10 MP: 3/3
   140 | D:1      | Reached skill level 1 in Fighting
   143 | D:1      | Reached skill level 4 in Earth Magic
   143 | D:1      | Reached XP level 2. HP: 14/16 MP: 0/5
   566 | D:1      | Reached XP level 3. HP: 21/21 MP: 2/6
   569 | D:1      | Learned a level 2 spell: Passwall
   573 | D:1      | Learned a level 3 spell: Stone Arrow
  1398 | D:2      | Reached XP level 4. HP: 12/27 MP: 3/7
  2025 | D:2      | Reached skill level 5 in Earth Magic
  2282 | D:3      | Reached XP level 5. HP: 32/32 MP: 3/9
  2435 | D:3      | Found a faded altar of an unknown god.
  2637 | D:3      | Found a snail-covered altar of Cheibriados.
  2637 | D:3      | Found an ancient bone altar of Kikubaaqudgha.
  2657 | D:3      | Found a faded altar of an unknown god.
  2660 | D:3      | Found a shadowy altar of Dithmenos.
  2662 | D:3      | Found a broken altar of Ashenzari.
  3436 | D:4      | Reached XP level 6. HP: 31/38 MP: 4/10
  3800 | D:4      | Found Gozag's Platinum Reserve.
  3800 | D:4      | Found an opulent altar of Gozag.
  4176 | D:4      | Found Lephin's Assorted Antiques.
  4184 | D:4      | Bought a pink potion for 18 gold pieces
  4184 | D:4      | Bought a fizzy dark potion for 18 gold pieces
  4184 | D:4      | Bought a lumpy orange potion for 18 gold pieces
  4338 | D:4      | Reached skill level 1 in Maces & Flails
  4338 | D:4      | Reached skill level 6 in Earth Magic
  4476 | D:4      | Reached XP level 7. HP: 44/44 MP: 4/12
  4571 | D:5      | Entered Level 5 of the Dungeon
  4783 | D:5      | Identified a scroll of acquirement
  4783 | D:5      | Acquired a staff of earth
  4811 | D:5      | Found a staircase to the Ecumenical Temple.
  4820 | Temple   | Entered the Ecumenical Temple
  4820 | Temple   | Found a transporter.
  4820 | Temple   | Found a transporter.
  4822 | Temple   | Found a transporter.
  4822 | Temple   | Found a transporter.
  4885 | Temple   | Became a worshipper of Qazlal Stormbringer
  4947 | D:5      | Reached skill level 1 in Staves
  5040 | D:5      | Reached skill level 5 in Fighting
  5109 | D:5      | Reached skill level 1 in Conjurations
  5109 | D:5      | Reached skill level 7 in Earth Magic
  5109 | D:5      | Reached XP level 8. HP: 49/49 MP: 7/14
  5762 | D:6      | Reached * piety under Qazlal
  6206 | D:6      | Reached skill level 1 in Evocations
  6270 | D:6      | Reached skill level 8 in Earth Magic
  6355 | D:6      | Reached XP level 9. HP: 56/56 MP: 8/15
  8563 | D:8      | Reached skill level 5 in Staves
  8639 | D:8      | Reached skill level 9 in Earth Magic
  9096 | D:8      | Noticed Pikel
  9109 | D:8      | Killed Pikel
  9110 | D:8      | Reached XP level 10. HP: 57/64 MP: 7/16
  9257 | D:8      | Noticed Maurice
  9646 | D:9      | Noticed Erica
  9689 | D:9      | Noticed Erolcha
  9941 | D:8      | Killed Maurice
 10504 | D:9      | Killed Erica
 10505 | D:9      | Reached skill level 10 in Earth Magic
 10684 | D:9      | Reached ** piety under Qazlal
 10690 | D:9      | Killed Erolcha
 10691 | D:9      | Reached skill level 5 in Evocations
 11207 | D:9      | Reached skill level 1 in Armour
 12376 | D:10     | Entered Level 10 of the Dungeon
 12429 | D:10     | Reached XP level 11. HP: 64/71 MP: 2/17
 12556 | D:10     | Reached skill level 11 in Earth Magic
 12674 | D:10     | Learned a level 5 spell: Fireball
 12733 | D:10     | Noticed a two-headed ogre
 12737 | D:10     | Killed a two-headed ogre
 12738 | D:10     | Reached skill level 1 in Fire Magic
 13110 | D:10     | Found a staircase to the Orcish Mines.
 13728 | D:10     | Reached *** piety under Qazlal
 13849 | D:10     | Found a staircase to the Lair.
 14088 | D:10     | Reached skill level 5 in Conjurations
 14269 | D:10     | Found a glowing silver altar of Zin.
 14270 | D:10     | Found a burning altar of Makhleb.
 14329 | D:10     | Noticed an Executioner
 14329 | D:10     | Noticed an angel
 14582 | Lair:1   | Entered Level 1 of the Lair of Beasts
 14598 | Lair:1   | Reached skill level 5 in Spellcasting
 15066 | Lair:1   | Reached skill level 10 in Fighting
 15152 | Lair:1   | Noticed a bog body
 15217 | Lair:1   | Killed a bog body
 15489 | Lair:1   | Reached XP level 12. HP: 54/77 MP: 14/20
 15830 | Lair:1   | Mangled by an ice devil

Illustrated notes

Levels and vault maps discovered:
D:1:      mrwooster_arrival_statue_3, layout_loops_ring, hangedman_glass_teeth,
          minmay_indecisive_spiral
D:2:      layout_loops_cross, serial_bayou_lagoon_a, dreamdust_wishing_well
D:3:      layout_loops_ring, chequers_temple_overflow_minitemple,
          hellmonk_ecumenical_altar_crossroads, kennysheep_generic_room_8
D:4:      layout_cave_pools, nicolae_gozag_zags_fifth_avenue, serial_shops,
          shop_statue, serial_column_ruins, column_ruins_hut,
          column_ruins_corridor_dead_end, column_ruins_open_tiny,
          column_ruins_columns_straight, column_ruins_open_small_water
D:5:      layout_basic, minmay_temple_entry_sparse_star
D:6:      minmay_octagon_keep, layout_loops_ring, roderic_roman_lattice,
          minmay_misc_feat_hallway, roderic_serpentine_path
D:7:      layout_basic
D:8:      layout_layer_cave, uniq_pikel, uniq_maurice
D:9:      layout_layer_cave, serial_undead, serial_undead_e, serial_undead_a,
          serial_undead_d, serial_undead_b, uniq_erolcha, uniq_erica
D:10:     layout_loops_ring, grunt_temple_overflow_order_and_chaos_2,
          david_lair_generic, kennysheep_orc_monster_closet_entryway,
          statue_in_the_mist_lemuel
Temple:   hellmonk_temple_divided_pantheon
Lair:1:   dreamdust_isle_of_ice, layout_cave_pods, serial_bayou_shore_b,
          grunt_megastairs_1

Skill      XL: |  1  2  3  4  5  6  7  8  9 10 11 |
---------------+----------------------------------+-----
Fighting       | 1 2 3 4 5 6 7 9 10 | 10.2
Earth Magic    | 4 5 6 7 8 9 10 11 | 11.9
Spellcasting   | 3 4 5 |  5.5
Maces & Flails | 1 |  1.5
Staves         | 2 4 5 7 8 |  8.4
Conjurations   | 1 3 4 5 |  5.8
Evocations     | 1 3 5 |  5.0
Armour         | 2 |  2.7
Fire Magic     | 3 |  3.6
Dodging        | |  1.5
Stealth        | |  2.1
Transmutations | |  0.7

Action                   |  1- 3 |  4- 6 |  7- 9 | 10-12 || total
-------------------------+-------+-------+-------+-------++-------
Melee: Unarmed           |     4 |       |     4 |       ||     8
       Flail             |       |    26 |       |       ||    26
       Staff             |       |       |    41 |    70 ||   111
       Punch             |       |       |     2 |     2 ||     4
 Cast: Sandblast         |    48 |   101 |    36 |   110 ||   295
       Passwall          |       |     3 |     3 |     5 ||    11
       Stone Arrow       |       |     2 |    80 |   123 ||   205
Evoke: Wand              |       |       |       |     3 ||     3
  Use: Scroll            |       |    14 |     9 |       ||    23
       Potion            |       |       |     1 |     2 ||     3
 Stab: Confused          |       |       |     1 |       ||     1
Armor: Robe              |     6 |    33 |    65 |    92 ||   196
Dodge: Dodged            |    12 |    50 |    72 |   105 ||   239
Block: Other             |       |       |     1 |    37 ||    38

Table legend: (Time is in decaauts)
 A = Elapsed time spent in this place.
 B = Non-inter-level travel time spent in this place.
 C = Inter-level travel time spent in this place.
 D = Time resting spent in this place.
 E = Time spent auto-exploring this place.
 F = Levels seen in this place.
 G = Mean time per level.
                   A        B        C        D        E       F      G
               +--------+--------+--------+--------+--------+-----+--------+
         Total |  15993 |  15360 |    633 |   4970 |   6602 |  12 | 1332.8 |
       Dungeon |  14646 |  14013 |    633 |   4449 |   6146 |  10 | 1464.6 |
        Temple |     84 |     84 |      0 |      0 |      0 |   1 |   84.0 |
          Lair |   1262 |   1262 |      0 |    521 |    456 |   1 | 1262.0 |
               +--------+--------+--------+--------+--------+-----+--------+

Top non-repeatable levels by time:
     D:8: 2317 daAuts
     D:9: 2181 daAuts
     D:6: 1979 daAuts
    D:10: 1600 daAuts
     D:3: 1483 daAuts
  Lair:1: 1262 daAuts
     D:1: 1197 daAuts
     D:2: 1118 daAuts
     D:5: 979 daAuts
     D:7: 926 daAuts
     D:4: 863 daAuts
  Temple: 84 daAuts
